Workbook

Sheet Calculator
A1: Home Loan EMI Calculator with Prepayment - myswpcalculator
A3: Loan Amount (₹) | B3: 2000000
A4: Annual Interest Rate (%) | B4: 8.5
A5: Loan Tenure (Years) | B5: 20
A6: Extra Monthly Prepayment (₹) | B6: 0
A8: Monthly EMI | B8: =PMT(B4/100/12,B5*12,-B3)
A9: Total Payment | B9: =B8*B5*12
A10: Total Interest | B10: =B9-B3
A13: Month | B13: Opening Balance | C13: EMI | D13: Interest | E13: Principal | F13: Prepayment | G13: Closing Balance
A14: 1 | B14: =B3 | C14: =$B$8 | D14: =B14*($B$4/100/12) | E14: =C14-D14 | F14: =$B$6 | G14: =B14-E14-F14
A15: =A14+1 | B15: =G14 | C15: =$B$8 | D15: =B15*($B$4/100/12) | E15: =C15-D15 | F15: =$B$6 | G15: =B15-E15-F15
A16: =A15+1 | B16: =G15 | C16: =$B$8 | D16: =B16*($B$4/100/12) | E16: =C16-D16 | F16: =$B$6 | G16: =B16-E16-F16
A17: =A16+1 | B17: =G16 | C17: =$B$8 | D17: =B17*($B$4/100/12) | E17: =C17-D17 | F17: =$B$6 | G17: =B17-E17-F17
A18: =A17+1 | B18: =G17 | C18: =$B$8 | D18: =B18*($B$4/100/12) | E18: =C18-D18 | F18: =$B$6 | G18: =B18-E18-F18
A19: =A18+1 | B19: =G18 | C19: =$B$8 | D19: =B19*($B$4/100/12) | E19: =C19-D19 | F19: =$B$6 | G19: =B19-E19-F19
A20: =A19+1 | B20: =G19 | C20: =$B$8 | D20: =B20*($B$4/100/12) | E20: =C20-D20 | F20: =$B$6 | G20: =B20-E20-F20
A21: =A20+1 | B21: =G20 | C21: =$B$8 | D21: =B21*($B$4/100/12) | E21: =C21-D21 | F21: =$B$6 | G21: =B21-E21-F21
A22: =A21+1 | B22: =G21 | C22: =$B$8 | D22: =B22*($B$4/100/12) | E22: =C22-D22 | F22: =$B$6 | G22: =B22-E22-F22
A23: =A22+1 | B23: =G22 | C23: =$B$8 | D23: =B23*($B$4/100/12) | E23: =C23-D23 | F23: =$B$6 | G23: =B23-E23-F23
A24: =A23+1 | B24: =G23 | C24: =$B$8 | D24: =B24*($B$4/100/12) | E24: =C24-D24 | F24: =$B$6 | G24: =B24-E24-F24
A25: =A24+1 | B25: =G24 | C25: =$B$8 | D25: =B25*($B$4/100/12) | E25: =C25-D25 | F25: =$B$6 | G25: =B25-E25-F25
A26: =A25+1 | B26: =G25 | C26: =$B$8 | D26: =B26*($B$4/100/12) | E26: =C26-D26 | F26: =$B$6 | G26: =B26-E26-F26
... A373: =A372+1 | B373: =G372 | C373: =$B$8 | D373: =B373*($B$4/100/12) | E373: =C373-D373 | F373: =$B$6 | G373: =B373-E373-F373

Sheet Dashboard
A1: Home Loan Visual Dashboard - myswpcalculator
A3: Loan Amount | B3: =Calculator!B3 | D3: Principal | E3: Interest
A4: EMI | B4: =Calculator!B8 | D4: =Calculator!B3 | E4: =Calculator!B10
A5: Total Payment | B5: =Calculator!B9
A6: Total Interest | B6: =Calculator!B10
D7: Metric | E7: Value
D8: Loan Amount | E8: =Calculator!B3
D9: EMI | E9: =Calculator!B8
